AoeStats
← Bonea

Arabia

506617401Analyzed
4v4 RM · 17d ago on Sep 14, 2026· 19m 2s· 8 players
Game mode
Random Map
Map size
Large (8 player)
Population
200
Speed
Normal
Resources
Standard
Victory
Conquest
Starting age
Dark Age
Ending age
Imperial Age
RankedLock teamsTeams togetherTeam positionsShared explorationLock speedFull tech treeHidden civsTurbo modeCheats
Victory
Defeat
🇨🇭 Celts · Switzerland
1300
+14
🇦🇺 Malay · Australia
1264
+15
🇺🇸 Vietnamese · United States
1202
+18
🇨🇳 Franks · China
1172
+19
🇨🇳 Burgundians · China
1364
-21
🇨🇳 Koreans · China
1255
-17
🇨🇳 Huns · China
1254
-17
🇨🇳 Ethiopians · China
1095
-11
只爆叉叉
5:18 Double-Bit Axe
7:27 Horse Collar
9:34 Loom
11:27 Gold Mining
13:44 Feudal Age
15:06 Bow Saw
17:33 Castle Age
16:16 Gold Shaft Mining
17:12 Scale Barding Armor
17:18 Forging
18:25 Cavalier
psrycc
0:41 Loom
12:12 Feudal Age
19:07 Castle Age
17:58 Double-Bit Axe
bisusuperman
11:28 Feudal Age
12:15 Double-Bit Axe
12:51 Padded Archer Armor
16:11 Loom
Bonea
9:25 Loom
11:10 Feudal Age
16:52 Castle Age
14:56 Double-Bit Axe
15:27 Horse Collar
Chiggen Tendiezzz
10:26 Feudal Age
12:03 Double-Bit Axe
15:40 Castle Age
13:50 Horse Collar
14:02 Gold Mining
14:06 Stone Mining
16:59 Bow Saw
18:18 Loom
noob.dogg
8:38 Loom
11:16 Feudal Age
11:52 Double-Bit Axe
13:46 Horse Collar
15:36 Forging
15:26 Scale Mail Armor
15:35 Scale Barding Armor
ragamuffin
9:26 Loom
11:12 Feudal Age
11:53 Double-Bit Axe
11:53 Horse Collar
17:56 Castle Age
16:37 Stone Mining
18:27 Town Watch
19:21 Fletching
人在阵地在
10:06 Feudal Age
14:32 Scale Barding Armor
16:07 Forging
Connection lost

Rejoining the realm…

Still unreachable

The connection could not be restored.

Session expired

The server has moved on; the page needs a fresh start.